 Dungeon Crawl Stone Soup version 0.31.0-11-ge490571c62 (webtiles) character file.

Game seed: 226174475314928348

184 qw the Skirmisher (level 5, -13/29 HPs)
             Began as a Deep Elf Hunter on Feb 4, 2024.
             Mangled by a gnoll
             ... wielding a +0 halberd
              (14 damage)
             ... on level 3 of the Dungeon.
             The game lasted 00:00:07 (1689 turns).

qw the Skirmisher (Deep Elf Hunter)                 Turns: 1689, Time: 00:00:08

Health: -13/29     AC:  7    Str: 10    XL:     5   Next: 36%
Magic:  7/7        EV: 11    Int: 14    God:
Gold:   118        SH:  0    Dex: 18    Spells: 4/4 levels left

rFire   . . .        a - +0 shortbow
rCold   . . .        (shield currently unavailable)
rNeg    . . .        e - +0 ring mail
rPois   .            (no helmet)
rElec   .            (no cloak)
rCorr   .            l - +1 pair of gloves
SInv    .            (no boots)
Will    .....        (no amulet)
Stlth   +            (no ring)
HPRegen 0.24/turn    (no ring)
MPRegen 0.10/turn

%: no passive effects
@: no status effects
A: no striking features
a: no special abilities


You were on level 3 of the Dungeon.
You visited 1 branch of the dungeon, and saw 3 of its levels.

You collected 145 gold pieces.
You spent 27 gold pieces at shops.


   Skills:
 - Level 1.5 Fighting
 + Level 8.9 Ranged Weapons
 - Level 2.4 Dodging
 - Level 1.2 Stealth


You had 4 spell levels left.
You didn't know any spells.
Your spell library was empty.

Inventory:

Hand Weapons
 a - a +0 shortbow (weapon)
Armour
 c - a +0 helmet
 e - a +0 ring mail (worn)
 l - a +1 pair of gloves (worn)
Scrolls
 b - a scroll of teleportation {unknown}
 f - a scroll of identify
Potions
 d - a potion of might
 h - a potion of curing
 k - a potion of cancellation

Dungeon Overview and Level Annotations

Branches:
Dungeon (3/15)

Altars:

Shops:
D:1 *(*=

Annotations:
D:3 2 transporters, qw's ghost, amateur SpHu


Message History

a +0 flail; an orc corpse An endoplasm and a ball python come into view.
Found 2 poisoned darts.
You shoot an arrow. The arrow hits the endoplasm.
The endoplasm quivers.
The endoplasm is heavily wounded.
You shoot an arrow. The arrow barely misses the endoplasm.
The arrow hits the ball python but does no damage.
The ball python hisses angrily.
A gnoll comes into view. It is wielding a +0 halberd.
You shoot an arrow. The gnoll shouts!
The arrow hits the endoplasm.
The endoplasm is almost dead.
The endoplasm freezes you.
You are frozen.
You shoot an arrow. The arrow hits the endoplasm.
You kill the endoplasm!
You shoot an arrow.
The arrow barely misses the ball python.
The ball python bites you but does no damage.
The ball python barely misses you.
You shoot an arrow.
The arrow closely misses the ball python.
The ball python bites you but does no damage.
The ball python grabs you. The ball python constricts you.
You shoot an arrow. The arrow hits the ball python!
You kill the ball python!
You shoot an arrow. The arrow hits the gnoll.
The gnoll is heavily wounded.
The gnoll barely misses you.
You shoot an arrow. The arrow barely misses the gnoll.
The gnoll hits you from afar with a +0 halberd!
You shoot an arrow. The arrow hits the gnoll.
The gnoll is heavily wounded.
The gnoll closely misses you.
You shoot an arrow. The arrow hits the gnoll.
The gnoll is severely wounded.
The gnoll hits you from afar with a +0 halberd! x2
You die...

#.##.# #.##.#
## #.##.# #.##
#.##.#
#.#####.##.#
#########
##.......##.###
###........
#..#.....)....#
..#.....##.
#.#####..####.#
#.......[..
#..@..#### #.#
###.....###
#..#.....# #.#
###.....#
#..#g###..# #.#
......###
##.#.. . #.#
####### #.##..
#.# #.. ... #..
##. #... ##. .
#...


You could see a gnoll.

Vanquished Creatures
  A hound (D:2)
  10 adders
  3 ribbon worms
  An orc (D:3)
  6 ball pythons
  8 endoplasms
  A giant cockroach (D:2)
  3 goblins
  5 hobgoblins (D:2)
  4 jackals (D:1)
  4 quokkas
  5 bats
  2 frilled lizards (D:2)
  3 kobolds
  3 rats
59 creatures vanquished.

Notes
Turn   | Place    | Note
-------+----------+-------------------------------------------
     0 | D:1      | qw the Deep Elf Hunter began the quest for the Orb.
     0 | D:1      | Reached XP level 1. HP: 12/12 MP: 3/3
     0 | D:1      | 0 ||| qw: Version: 0.3-a-160-g6735b56
     0 | D:1      | 0 ||| qw: Game counter: 4541
     0 | D:1      | 0 ||| qw: Melee chars always use a shield: true
     0 | D:1      | 0 ||| qw: God list: Okawaru
     0 | D:1      | 0 ||| qw: Allow faded altars: false
     0 | D:1      | 0 ||| qw: Do Orc after clearing Dungeon:15 true
     0 | D:1      | 0 ||| qw: Do second Lair branch before Depths: true
     0 | D:1      | 0 ||| qw: Lair rune preference: random
     0 | D:1      | 0 ||| qw: Goals: Normal
     0 | D:1      | 0 ||| PLANNING D:1-11
    11 | D:1      | Found Itimist's Assorted Antiques.
    21 | D:1      | 21 ||| SHOPLISTING glowing cloak (202 gold, have 0).
    21 | D:1      | 21 ||| SHOPLISTING orange potion (24 gold, have 0).
    21 | D:1      | 21 ||| SHOPLISTING runed coral ring (135 gold, have 0).
    21 | D:1      | 21 ||| SHOPLISTING scroll labelled HUEDUM OWEPN (27 gold,
                  | have 0).
    21 | D:1      | 21 ||| SHOPLISTING scroll labelled NEEQOQ WAUTTO (27 gold,
                  | have 0).
    21 | D:1      | 21 ||| SHOPLISTING scroll labelled ROASEA TAF ZIDYI (27
                  | gold, have 0).
    21 | D:1      | 21 ||| SHOPLISTING scroll labelled TOXASH LIYGROW (27 gold,
                  | have 0).
    21 | D:1      | 21 ||| SHOPLISTING scroll labelled UTHRAE BAC COCKETOA (27
                  | gold, have 0).
    30 | D:1      | Reached XP level 2. HP: 16/16 MP: 4/4
    42 | D:1      | Reached skill level 6 in Ranged Weapons
    76 | D:1      | Found Amat's Jewellery Boutique.
    82 | D:1      | 82 ||| SHOPLISTING amulet of faith (560 gold, have 5).
    82 | D:1      | 82 ||| SHOPLISTING amulet of reflection (420 gold, have 5).
    82 | D:1      | 82 ||| SHOPLISTING amulet of the Greedy {Faith Str+4} (775
                  | gold, have 5).
    82 | D:1      | 82 ||| SHOPLISTING ring of poison resistance (280 gold,
                  | have 5).
    82 | D:1      | 82 ||| SHOPLISTING ring of positive energy (280 gold, have
                  | 5).
    82 | D:1      | 82 ||| SHOPLISTING ring of protection from fire (350 gold,
                  | have 5).
    82 | D:1      | 82 ||| SHOPLISTING ring of willpower (350 gold, have 5).
   315 | D:1      | Found Syat's Antique Weapon Emporium.
   321 | D:1      | Found Bepas's Assorted Antiques.
   333 | D:1      | 333 ||| SHOPLISTING agate ring (135 gold, have 60).
   333 | D:1      | 333 ||| SHOPLISTING crooked glass wand (108 gold, have 60).
   333 | D:1      | 333 ||| BUYING scroll labelled ELOTAL FEJELL (27 gold).
   333 | D:1      | Bought a scroll labelled ELOTAL FEJELL for 27 gold pieces
   458 | D:1      | 458 ||| UPGRADING to +0 ring mail.
   468 | D:1      | 468 ||| DROPPING +0 leather armour.
   469 | D:1      | 469 ||| UPGRADING to +0 pair of gloves.
   474 | D:1      | 474 ||| READING scroll labelled TOXASH LIYGROW.
   474 | D:1      | 474 ||| IDENTIFYING viscous coppery potion
   475 | D:1      | 475 ||| READING scroll labelled UVESUN DEGOOM.
   476 | D:1      | 476 ||| READING scroll labelled BIC SUHEAM NIP.
   477 | D:1      | 477 ||| READING scroll labelled ELOTAL FEJELL.
   477 | D:1      | 477 ||| ENCHANTING +0 pair of gloves.
   478 | D:1      | 478 ||| DROPPING scroll of butterflies.
   598 | D:2      | Reached XP level 3. HP: 20/20 MP: 5/5
   619 | D:2      | Reached skill level 7 in Ranged Weapons
   699 | D:2      | Reached XP level 4. HP: 13/25 MP: 6/6
   830 | D:2      | Reached skill level 8 in Ranged Weapons
  1027 | D:2      | Reached XP level 5. HP: 29/29 MP: 7/7
  1245 | D:2      | 1245 ||| READING 4 scrolls of identify.
  1245 | D:2      | 1245 ||| IDENTIFYING amethyst potion
  1246 | D:2      | 1246 ||| READING 3 scrolls of identify.
  1246 | D:2      | 1246 ||| IDENTIFYING dark potion
  1247 | D:2      | 1247 ||| READING 2 scrolls of identify.
  1247 | D:2      | 1247 ||| IDENTIFYING viscous dark potion
  1248 | D:2      | 1248 ||| READING scroll of identify.
  1248 | D:2      | 1248 ||| IDENTIFYING metallic grey potion
  1249 | D:2      | 1249 ||| READING scroll labelled HUEDUM OWEPN.
  1350 | D:2      | 1350 ||| DROPPING potion of brilliance.
  1351 | D:2      | 1351 ||| DROPPING potion of attraction.
  1432 | D:3      | Noticed qw's ghost (amateur SpHu)
  1439 | D:3      | Found a transporter.
  1484 | D:3      | Found a transporter.
  1689 | D:3      | HP: 1/29 [gnoll/+0 halberd (12)]
  1689 | D:3      | Mangled by a gnoll

Levels and vault maps discovered:
D:1:      shiori_arrival_elements, layout_rooms, serial_shops, shop, shop,
          nicolae_shop_dealshenge, nicolae_shop_stone, dk_noncrumbling_4
D:2:      layout_loops_ring, hex_tiny
D:3:      minmay_evil_eye, layout_loops_ring, fedhas_altar_2,
          gammafunk_ghost_mausoleum, minmay_surrounded

Skill      XL: |  1  2  3  4 |
---------------+-------------+-----
Ranged Weapons | 6 7 8 |  8.9
Fighting       | |  1.5
Dodging        | |  2.4
Stealth        | |  1.2

Action                     |  1- 3 |  4- 6 || total
---------------------------+-------+-------++-------
   Fire: Shortbow          |   101 |    90 ||   191
    Use: Scroll            |     4 |     5 ||     9
 Armour: Leather armour    |     3 |       ||     3
         Ring mail         |    37 |    20 ||    57
  Dodge: Dodged            |    46 |    27 ||    73

Table legend:
 A = Non-vault XP
 B = Vault XP
 C = Vault XP percentage of total XP
 D = Non-vault monster count
 E = Vault monster count
 F = Vault count percentage of total count
                 A         B        C        D         E       F
            +---------+---------+-------+---------+---------+-------
      Total |     261 |       3 |   1.1 |      57 |       2 |   3.4
            +---------+---------+-------+---------+---------+-------
        D:1 |      28 |       0 |   0.0 |      16 |       0 |   0.0
        D:2 |     198 |       0 |   0.0 |      30 |       0 |   0.0
        D:3 |      35 |       3 |   7.9 |      11 |       2 |  15.4
            +---------+---------+-------+---------+---------+-------
